AoeStats
← ThunderboltX

Arabian Desert

510282800Analyzed
1v1 RM · 2d ago on Sep 30, 2026· 31m 4s· 2 players
Game mode
Random Map
Map size
Tiny (2 player)
Population
200
Speed
Normal
Resources
Standard
Victory
Conquest
Starting age
Dark Age
Ending age
Imperial Age
RankedLock teamsTeams togetherTeam positionsShared explorationLock speedFull tech treeHidden civsTurbo modeCheats
Victory
Defeat
🇧🇬 Poles · Bulgaria
2447
+30
🇳🇴 Vietnamese · Norway
2913
-30
ThunderboltX
6:30 Loom
9:10 Feudal Age
9:17 Man-at-Arms
9:43 Double-Bit Axe
11:08 Horse Collar
17:23 Scale Barding Armor
17:58 Bloodlines
23:44 Castle Age
22:30 Forging
24:29 Heavy Plow
24:40 Bow Saw
23:54 Light Cavalry
26:04 Chain Barding Armor
26:34 Elite Skirmisher
27:13 Fletching
28:10 Wheelbarrow
28:07 Bodkin Arrow
28:40 Padded Archer Armor
30:09 Leather Archer Armor
30:34 Ballistics
30:42 Guard Tower
TAG_MbL_
6:37 Loom
8:54 Feudal Age
8:57 Man-at-Arms
12:17 Double-Bit Axe
13:39 Horse Collar
17:32 Fletching
20:01 Wheelbarrow
20:49 Forging
24:06 Castle Age
23:14 Gold Mining
24:54 Bloodlines
25:10 Bow Saw
27:51 Hand Cart
27:44 Padded Archer Armor
28:54 Bodkin Arrow
30:57 Ballistics
Connection lost

Rejoining the realm…

Still unreachable

The connection could not be restored.

Session expired

The server has moved on; the page needs a fresh start.